 Dungeon Crawl Stone Soup version 0.16-a0-3308-g116f5c4 (webtiles) character file.

22 Kemay the Insei (level 2, -3/18 HPs)
             Began as an Octopode Transmuter on Dec 26, 2014.
             Slain by a gnoll
             ... wielding a +0 halberd of freezing
              (5 damage)
             ... on level 2 of the Dungeon.
             The game lasted 00:02:01 (703 turns).

Kemay the Insei (Octopode Transmuter)                Turns: 703, Time: 00:02:02

Health: -3/18      AC:  1    Str:  9    XL:     2   Next: 91%
Magic:  3/4        EV: 13    Int: 15    God:
Gold:   32         SH:  0    Dex: 12    Spells: 1 memorised, 4 levels left

rFire  . . .     SeeInvis .       - Unarmed
rCold  . . .     Clarity  .     (no shield)
rNeg   . . .     SustAb   .     (helmet restricted)
rPois  .         Gourm    .     (no amulet)
rElec  .         Spirit   .     (no ring)
rCorr  .         Warding  .     (no ring)
rMut   .         Stasis   .     (no ring)
MR     .....                    (no ring)
Stlth  ++........               (no ring)
                                (no ring)
                                (no ring)
                                (no ring)

@: appendage, not resistant to hostile enchantments, unstealthy
A: almost no armour, amphibious, 8 rings, constrict 8, tentacle spike 3,
camouflage 1, gelatinous body 1
a: End Transformation


You were on level 2 of the Dungeon.
You were not hungry.
One of your tentacles had a temporary spike.
You visited 1 branch of the dungeon, and saw 2 of its levels.

You collected 32 gold pieces.

Inventory:

Missiles
 h - 11 poisoned needles
Scrolls
 b - a scroll of blinking
 c - a scroll of fear {unknown}
 f - 2 scrolls of remove curse
 i - a scroll of noise {unknown}
 j - a scroll of random uselessness {unknown}
Potions
 e - 2 potions of invisibility
Books
 d - a book of Changes

   Spells                             Type                      Level
   a - Beastly Appendage              Transmutation                1
   b - Sticks to Snakes               Transmutation                2
   c - Spider Form                    Transmutation/Poison         3
   d - Ice Form                       Ice/Transmutation            4
   e - Blade Hands                    Transmutation                5
Comestibles
 a - a bread ration
 g - a chunk of flesh


   Skills:
 - Level 1.0 Fighting
 + Level 2.8 Dodging
 + Level 3.4 Unarmed Combat
 - Level 2.0 Spellcasting
 - Level 2.0 Transmutations


You had 4 spell levels left.
You knew the following spells:

 Your Spells              Type           Power        Failure   Level  Hunger
a - Beastly Appendage     Trmt           #.....       12%         1    #......


Dungeon Overview and Level Annotations

Branches:
Dungeon (2/15)

Altars:


Innate Abilities, Weirdness & Mutations

You cannot wear most types of armour.
You are amphibious.
You can wear up to eight rings at the same time.
You can use your tentacles to constrict many enemies at once.
Your skin changes colour to match your surroundings (Stealth).
Your rubbery body absorbs attacks (AC +1).
One of your tentacles bears a large vicious spike.


Message History

The gnoll shouts!
The goblin shouts!
The gnoll shouts!
You see here a rat corpse.
There is an escape hatch in the floor here.
Casting: Beastly Appendage
Confirm with . or Enter, or press ? or * to list all spells.
One of your tentacles grows a vicious spike.
The gnoll hits you with a halberd!
You tentacle-slap the gnoll but do no damage.
Your grab misses the gnoll. You tentacle-slap the gnoll. You grab the gnoll.
The gnoll is moderately wounded.
You constrict the gnoll, but do no damage.
The gnoll hits you with a halberd!
* * * LOW HITPOINT WARNING * * *
You tentacle-slap the gnoll.
The gnoll is heavily wounded.
You constrict the gnoll.
The gnoll hits you from afar with a halberd of freezing.
You die...

#..# ##### #..# #...### #..#
#.#... ###
#..###...#########
#.#####.###..##.............
#......#.#........##########
######............########
#..##gg.##........(.. .
#..##.#@##....####### ...##
#>.##g#.<..###.#
.......##..##.###.## #.#
......g.g†..g.# #.# .#
.......##..##.# #.# .
.............# #.. ).
...#####.##### #.# .. #.#
#.# #.# ###


You could see 2 gnolls.

Vanquished Creatures
  A giant gecko (D:1)
  2 oozes (D:1)
  4 bats (D:1)
  A giant cockroach (D:1)
  2 hobgoblins (D:1)
  A kobold (D:2)
  A giant newt (D:1)
  4 jackals (D:1)
  A rat (D:2)
17 creatures vanquished.

Notes
Turn   | Place    | Note
--------------------------------------------------------------
     0 | D:1      | Kemay, the Octopode Transmuter, began the quest for the Orb.
     0 | D:1      | Reached XP level 1. HP: 13/13 MP: 3/3
   364 | D:1      | Reached XP level 2. HP: 16/18 MP: 4/4
   703 | D:2      | Slain by a gnoll

Action                   || total
-------------------------++-------
Melee: Unarmed           ||    47
 Cast: Beastly Appendage ||     6
  Use: Scroll            ||     4
 Stab: Sleeping          ||     3
